 Dungeon Crawl Stone Soup version 0.30-b1-2-g02819fbbbe (webtiles) character file.

Game seed: 9098400532424977621

66640 LLlMATKO the Severer (level 14, -14/202 HPs)
             Began as a Minotaur Berserker on Oct 6, 2023.
             Was a High Priest of Trog.
             Demolished by an orc knight
             ... wielding a +3 dire flail
              (15 damage)
             ... on level 2 of the Orcish Mines.
             The game lasted 00:22:12 (21474 turns).

LLlMATKO the Severer (Minotaur Berserker)          Turns: 21474, Time: 00:22:13

Health: -14/202    AC: 21    Str: 26    XL:     14   Next: 80%
Magic:  13/13      EV: 16    Int:  4    God:    Trog [*****.]
Gold:   1632       SH:  5    Dex: 22    Spells: 13/13 levels left

rFire   x . .        k - +0 war axe (heavy)
rCold   + + .        B - orb "Ececs" {light, rC+ Dex+5}
rNeg    . . .        F - +1 plate armour
rPois   .            (helmet restricted)
rElec   .            W - scarf {repulsion}
rCorr   .            T - +0 pair of gloves
SInv    .            C - +0 pair of boots
Will    +++..        h - amulet of reflection Stlth
                     r - ring of ice
HPRegen 1.53/turn    G - +6 ring of dexterity
MPRegen 0.13/turn

%: repel missiles, reflection
@: berserking, lethally poisoned (-14 -> -14), about to teleport, strong-willed,
regenerating, glowing, studying Axes, very quick
A: horns 2, retaliatory headbutt
a: Renounce Religion, Berserk, Trog's Hand, Brothers in Arms


You were on level 2 of the Orcish Mines.
You worshipped Trog.
Trog was extremely pleased with you.
You visited 3 branches of the dungeon, and saw 20 of its levels.
You also visited: Sewer and Ice Cave.

You collected 1632 gold pieces.

Inventory:

Hand Weapons
 k - a +0 heavy war axe (weapon)
 w - a +1 war axe of protection
 x - the +5 Force Lance {heavy, knockback}
   (You found it on level 4 of the Dungeon)
 A - a +0 whip of freezing
 I - the +6 spear of Responsibility {heavy, Dex+3}
   (You found it on level 9 of the Dungeon)

   Dex:       It affects your dexterity (+3).
 V - the +5 broad axe of Anarchy {flame, rN+}
   (Trog gifted it to you on level 12 of the Dungeon)

   rN:        It protects you from negative energy.
Missiles
 o - 12 javelins (quivered)
 p - 32 poisoned darts
 t - a throwing net
 y - 10 atropa-tipped darts
 E - a curare-tipped dart
Armour
 B - the orb "Ececs" (worn) {light, rC+ Dex+5}
   (You took it off an orc on level 7 of the Dungeon)

   Dex:       It affects your dexterity (+5).
   rC:        It protects you from cold.
 C - a +0 pair of boots (worn)
 F - a +1 plate armour (worn)
 T - a +0 pair of gloves (worn)
 W - a scarf of repulsion (worn)
Jewellery
 b - a ring of poison resistance
 h - an amulet of reflection (around neck)
 r - a ring of ice (left hand)
 G - a +6 ring of dexterity (right hand)
 L - the amulet of the Evening {Spirit rF+ Stlth+}
   (You found it in an ice cave)

   [amulet of guardian spirit]

   It causes incoming damage to be divided between your reserves of health and
   magic.
   rF:        It protects you from fire.
   Stlth:     It makes you more stealthy.
 P - the ring of Broken Luck {*Slow Int+4 SInv}
   (You found it on level 5 of the Lair of Beasts)

   [ring of see invisible]

   Int:       It affects your intelligence (+4).
   SInv:      It lets you see invisible.
   *Slow:     It may slow you when you take damage.
 S - a +4 ring of protection
 X - an amulet of the acrobat
Wands
 u - a wand of roots (19)
 D - a wand of flame (57)
 Q - a wand of polymorph (12)
 U - a wand of digging (3)
Scrolls
 e - 3 scrolls of fear
 f - 3 scrolls of teleportation
 g - 8 scrolls of fog
 i - 21 scrolls of identify
 j - 4 scrolls of enchant armour
 n - a scroll of silence
 s - a scroll of torment
 J - 4 scrolls of blinking
 M - a scroll of poison
 N - a scroll of brand weapon
 O - a scroll of summoning
Potions
 a - a potion of magic {unknown}
 c - 5 potions of heal wounds {unknown}
 d - 7 potions of curing {unknown}
 l - 7 potions of haste {unknown}
 m - 4 potions of mutation {unknown}
 q - 3 potions of invisibility {unknown}
 v - 2 potions of degeneration {unknown}
 z - 7 potions of brilliance {unknown}
 H - a potion of resistance {unknown}
 K - 2 potions of berserk rage {unknown}
 R - a potion of cancellation {unknown}


   Skills:
 + Level 15.1 Fighting
 + Level 18.7 Axes
 + Level 14.8 Armour
 + Level 13.7 Dodging
 + Level 12.4 Shields


You had 13 spell levels left.
You didn't know any spells.
Your spell library was empty.

Dungeon Overview and Level Annotations

Branches:
Dungeon (13/15)            Temple (0/1) D:4            Lair (5/5) D:9
  Swamp (0/4) Lair:2        Snake (0/4) Lair:3        Slime (0/5) Lair:5
    Orc (2/2) D:11         Vaults (0/5) D:13          Sewer (visited)
  IceCv (visited)
    Elf: Orc:2

Altars:
Elyvilon

Shops:
D:7 *   D:8 [   D:12 *   Orc:1 :   Orc:2 !*!!

Annotations:
D:7 2 transporters
D:8 2 transporters
D:12 2 transporters, Syrassil's ghost, journeyman OgBe


Innate Abilities, Weirdness & Mutations

You have a pair of horns on your head.
You reflexively headbutt those who attack you in melee.


Message History

The orc sorcerer mumbles some strange words.
The orc knight hits you with a +0 war axe!
You slice the orc sorcerer!!
You kill the orc sorcerer!
Trog accepts your kill.
Trog appreciates your killing of a magic user.
The sun demon disappears in a puff of smoke!
You hit the orc high priest. You slash the orc sorcerer!
You slash the orc knight! You hit the orc priest.
You completely miss the orc knight.
You feel sick.
The orc knight hits you with a +3 dire flail!!
* * * LOW HITPOINT WARNING * * *
You block the orc high priest's attack. You block the orc sorcerer's attack.
The orc knight hits you with a +0 war axe!
* * * LOW HITPOINT WARNING * * *
A red film seems to cover your vision as you go berserk!
You feel yourself moving faster!
You feel mighty!
You feel sick. You block the orc knight's attack.
The orc high priest hits you with a +0 mace.
* * * LOW HITPOINT WARNING * * *
You block the orc knight's attack.
The orc wizard mumbles some strange words.
The orc wizard flickers and vanishes for a moment.
The orc sorcerer misses you.
The orc high priest hits you with a +2 heavy halberd!!
* * * LOW HITPOINT WARNING * * *
Unknown command.
Unknown command.
Unknown command.
Unknown command.
You completely miss the orc knight.
You headbutt the orc knight, but do no damage.
The orc knight is lightly wounded.
You slice the orc high priest!! You slash the orc sorcerer!
You hit the orc knight but do no damage.
You open the orc knight like a pillowcase!!!
You barely miss the orc high priest.
You feel sick.
You hear a shout!
The orc knight hits you with a +3 dire flail!
You die...

##.<.....##..).......
#.....o.##)).........
........#)...........
#....#...#...........
##....#.###..........
........ #######....
#..#...###o...÷##...
.......##∩oo..... ##
.....$##o@oo...÷.
......#∩ooooo..÷.
##...#∩.oooo§o.÷
##..§.o..÷.
##∩.÷...÷. ###..÷.÷.
###..# ###


You could see 3 orc knights, 3 orc high priests, 2 orc sorcerers, 4 orc
warriors, 2 orc priests, 2 orc wizards and an orc (strong).

Vanquished Creatures
  Frances (D:12)
  An azure jelly (IceCv)
  A quicksilver ooze (IceCv)
  4 dire elephants (Lair:5)
  7 hydras
  An ogre mage (D:13)
  3 centaur warriors (D:13)
  3 boulder beetles
  2 catoblepae
  9 two-headed ogres
  A death yak (Lair:5)
  2 skysharks
  Lodul (D:12)
  3 skeletal warriors (D:13)
  2 bog bodies (Lair:2)
  A spectral anaconda (Lair:5)
  An obsidian statue (Lair:5)
  4 necromancers (Lair:5)
  A deep elf pyromancer (D:13)
  Pikel (D:7)
  4 lindwurms
  2 ugly things
  An orc sorcerer (Orc:2)
  2 cyclopes
  8 elephants (Lair:5)
  Joseph (D:7)
  3 ice statues (IceCv)
  A gargoyle (D:12)
  7 cane toads
  2 kobold demonologists (D:12)
  4 rime drakes
  2 komodo dragons (Lair:5)
  A polar bear (Lair:4)
  5 trolls
  Prince Ribbit (D:7)
  Sigmund (D:4)
  16 slime creatures
  2 vampires
  2 wyverns
  40 yaks
  Grum (Lair:1)
  3 basilisks
  7 vampire mosquitoes
  3 death yak simulacra (Lair:5)
  Menkaure (D:7)
  A steam dragon (D:9)
  2 spectral cane toads (Lair:5)
  3 nagas (Lair:3)
  An acid dragon (D:11)
  Duvessa (D:4)
  8 water moccasins
  A sky beast (D:8)
  10 orc warriors
  9 ice beasts
  3 great orb of eyes simulacra (IceCv)
  3 black bears
  14 ogres
  6 wolves
  12 centaurs
  A lemure (D:7)
  2 elephant skeletons (Lair:5)
  2 phantoms (D:5)
  3 slime creature simulacra (IceCv)
  3 kobold brigands
  14 bullfrogs
  7 scorpions
  12 wights
  4 glowing shapeshifter simulacra (IceCv)
  Dowan (D:4)
  2 elephant simulacra (Lair:5)
  An electric eel (Lair:2)
  A howler monkey (D:8)
  2 hounds
  3 jellies
  A gnoll bouda (Orc:1)
  10 orc priests
  2 sleepcaps
  Jessica (D:2)
  Ijyb (D:4)
  8 iguanas
  14 orc wizards
  4 shapeshifter simulacra (IceCv)
  3 gnolls (Orc:1)
  11 adders
  7 river rats (Sewer)
  A shadow imp (D:6)
  An ufetubus (D:5)
  6 worms
  3 dart slugs
  39 orcs
  7 endoplasms
  11 giant cockroaches
  12 goblins
  6 hobgoblins
  2 jackals (D:2)
  13 kobolds
  3 quokkas
  18 ball pythons
  5 bats
  4 frilled lizards
  29 rats
523 creatures vanquished.

Vanquished Creatures (collateral kills)
  The ghost of Farlane the Protected, a journeyman GnWn of Okawaru (Lair:5)
  An orc high priest (Orc:1)
  2 wargs (Orc:1)
  2 orc warriors (Orc:1)
  An ogre (Orc:1)
  2 wights (D:7)
  A gnoll (Orc:1)
  3 orcs (Orc:1)
13 creatures vanquished.

Vanquished Creatures (others)
  11 fungi
  23 plants
  26 withered plants (Lair:5)
60 creatures vanquished.

Grand Total: 596 creatures vanquished

Notes
Turn   | Place    | Note
-------+----------+-------------------------------------------
     0 | D:1      | LLlMATKO the Minotaur Berserker began the quest for the
                  | Orb.
     0 | D:1      | Reached XP level 1. HP: 19/19 MP: 0/0
    99 | D:1      | Reached XP level 2. HP: 27/27 MP: 1/1
   459 | D:1      | Reached skill level 4 in Axes
   995 | D:2      | Reached XP level 3. HP: 30/33 MP: 2/2
  1006 | D:2      | Noticed Jessica
  1015 | D:2      | Killed Jessica
  1068 | D:2      | Reached ** piety under Trog
  1069 | D:2      | Reached XP level 4. HP: 40/40 MP: 3/3
  1976 | D:3      | Reached XP level 5. HP: 45/47 MP: 4/4
  2202 | D:3      | Noticed a black bear
  2208 | D:3      | Killed a black bear
  2209 | D:3      | Reached skill level 5 in Fighting
  2209 | D:3      | Reached skill level 5 in Axes
  2250 | D:4      | Reached *** piety under Trog
  2255 | D:4      | Noticed Ijyb
  2263 | D:4      | Killed Ijyb
  2265 | D:4      | Reached XP level 6. HP: 56/56 MP: 5/5
  2325 | D:4      | Found the +5 Force Lance {heavy, knockback}
  2485 | D:4      | Found a staircase to the Ecumenical Temple.
  2485 | D:4      | Noticed Sigmund
  2494 | D:4      | Killed Sigmund
  2557 | D:4      | Noticed Dowan
  2571 | D:4      | Killed Dowan
  2594 | D:4      | Noticed Duvessa
  2603 | D:4      | Killed Duvessa
  2604 | D:4      | Reached skill level 5 in Armour
  2604 | D:4      | Reached XP level 7. HP: 55/62 MP: 6/6
  2984 | D:4      | Reached skill level 6 in Axes
  3384 | D:5      | Entered Level 5 of the Dungeon
  3439 | D:5      | Reached skill level 5 in Dodging
  3488 | D:5      | Found a glowing drain.
  3500 | Sewer    | Entered a sewer
  3723 | Sewer    | Reached **** piety under Trog
  3779 | Sewer    | Reached XP level 8. HP: 61/71 MP: 7/7
  4081 | D:5      | Reached skill level 7 in Axes
  5084 | D:6      | Reached XP level 9. HP: 53/81 MP: 8/8
  5208 | D:6      | Reached skill level 8 in Axes
  5394 | D:6      | Found a white marble altar of Elyvilon.
  5533 | D:7      | Found a transporter.
  5548 | D:7      | Noticed Menkaure
  5556 | D:7      | Noticed a kobold demonologist
  5559 | D:7      | Killed Menkaure
  5561 | D:7      | Noticed a fire crab
  5758 | D:7      | Noticed a kobold demonologist
  5762 | D:7      | Noticed Pikel
  5773 | D:7      | Killed Pikel
  5781 | D:7      | Identified the orb "Ececs" {light, rC+ Dex+5}
  5811 | D:7      | Reached skill level 9 in Axes
  5829 | D:7      | Found Itzuorch's Overcharged Wands.
  5912 | D:7      | Noticed Prince Ribbit
  5922 | D:7      | Killed Prince Ribbit
  5923 | D:7      | Reached skill level 1 in Shields
  5973 | D:7      | Found a transporter.
  6121 | D:7      | Noticed Joseph
  6132 | D:7      | Killed Joseph
  6133 | D:7      | Reached XP level 10. HP: 91/91 MP: 9/9
  6860 | D:8      | Found a transporter.
  6860 | D:8      | Found Piohun's Armour Boutique.
  7054 | D:8      | Found a transporter.
  7269 | D:9      | Noticed a two-headed ogre
  7280 | D:9      | Killed a two-headed ogre
  7281 | D:9      | Reached skill level 10 in Fighting
  7281 | D:9      | Reached skill level 10 in Axes
  7290 | D:9      | Found a staircase to the Lair.
  7325 | D:9      | Reached skill level 11 in Axes
  7325 | D:9      | Reached skill level 10 in Armour
  7325 | D:9      | Reached skill level 5 in Shields
  7865 | D:9      | Identified the +6 spear of Responsibility {heavy, Dex+3}
  7898 | D:10     | Entered Level 10 of the Dungeon
  7925 | D:10     | Reached XP level 11. HP: 88/101 MP: 10/10
  8004 | D:10     | Reached ***** piety under Trog
  8548 | D:11     | Noticed a two-headed ogre
  8554 | D:11     | Killed a two-headed ogre
  8555 | D:11     | Reached skill level 12 in Axes
  8622 | D:11     | Noticed a two-headed ogre
  8629 | D:11     | Killed a two-headed ogre
  8765 | D:11     | Noticed a boulder beetle
  8774 | D:11     | Killed a boulder beetle
  8823 | D:11     | Found a staircase to the Orcish Mines.
  8848 | D:11     | Noticed a two-headed ogre
  8858 | D:11     | Killed a two-headed ogre
  8859 | D:11     | Reached skill level 10 in Dodging
  9319 | Lair:1   | Entered Level 1 of the Lair of Beasts
  9329 | Lair:1   | Received a gift from Trog
  9461 | Lair:1   | Reached skill level 13 in Axes
  9704 | Lair:1   | Noticed Grum
  9711 | Lair:1   | Killed Grum
 10046 | Lair:1   | Noticed a lindwurm
 10048 | Lair:1   | Noticed a lindwurm
 10051 | Lair:1   | Killed a lindwurm
 10053 | Lair:1   | Killed a lindwurm
 10054 | Lair:1   | Reached XP level 12. HP: 109/111 MP: 11/11
 10466 | Lair:2   | Noticed an eight-headed hydra
 10475 | Lair:2   | Killed a 13-headed hydra
 10476 | Lair:2   | Reached skill level 14 in Axes
 10808 | Lair:2   | Found a staircase to the Swamp.
 11178 | Lair:3   | Noticed a catoblepas
 11190 | Lair:3   | Killed a catoblepas
 11282 | Lair:3   | Found a staircase to the Snake Pit.
 11728 | Lair:3   | Noticed a five-headed hydra
 11734 | Lair:3   | Killed an eight-headed hydra
 12041 | Lair:4   | Noticed a six-headed hydra
 12051 | Lair:4   | Killed a six-headed hydra
 12052 | Lair:4   | Reached skill level 15 in Axes
 12221 | Lair:4   | Identified the +7 falchion of Zakha {venom, rCorr Dex+2}
 12736 | Lair:5   | Entered Level 5 of the Lair of Beasts
 12878 | Lair:5   | Found a staircase to the Slime Pits.
 12891 | Lair:5   | Reached XP level 13. HP: 119/119 MP: 12/12
 12930 | Lair:5   | Found a runed translucent door.
 12939 | Lair:5   | Noticed Farlane's ghost (journeyman GnWn)
 13123 | Lair:5   | Identified the ring of Broken Luck {*Slow Int+4 SInv}
 13884 | Lair:5   | Noticed a dire elephant
 13884 | Lair:5   | Noticed a dire elephant
 13884 | Lair:5   | Noticed a dire elephant
 13885 | Lair:5   | Noticed a dire elephant
 13898 | Lair:5   | Reached skill level 16 in Axes
 13898 | Lair:5   | Reached skill level 10 in Shields
 14704 | Lair:5   | Killed a dire elephant
 14705 | Lair:5   | Killed a dire elephant
 14977 | Lair:5   | Killed a dire elephant
 14981 | Lair:5   | Killed a dire elephant
 15404 | Lair:5   | Found a runed translucent door.
 15424 | Lair:5   | Found a staircase to the Slime Pits.
 15607 | Lair:5   | Identified the +1 dire flail "Fepse" {freeze, *Corrode rC++
                  | rN+ Str+2}
 15641 | Lair:5   | Reached skill level 17 in Axes
 15937 | Lair:5   | Killed Farlane's ghost
 16340 | D:12     | Noticed Frances
 16355 | D:12     | Killed Frances
 16498 | D:12     | Found a transporter.
 16500 | D:12     | Noticed Syrassil's ghost (journeyman OgBe)
 16523 | D:12     | Reached XP level 14. HP: 123/132 MP: 13/13
 16657 | D:12     | Noticed Lodul
 16667 | D:12     | Killed Lodul
 16674 | D:12     | Found Jukhec's General Store.
 16679 | D:12     | Identified the +5 broad axe of Anarchy {flame, rN+} (Trog
                  | gifted it to you on level 12 of the Dungeon)
 16679 | D:12     | Received a gift from Trog
 17242 | D:12     | Found a transporter.
 17978 | D:13     | Reached skill level 18 in Axes
 18325 | D:13     | Found a gate to the Vaults.
 19174 | D:13     | Found a gate to the Vaults.
 20173 | Orc:1    | Entered Level 1 of the Orcish Mines
 20183 | Orc:1    | Found Mosem's Vocational Training.
 20265 | Orc:1    | Found a frozen archway.
 20278 | IceCv    | Entered an ice cave
 20694 | IceCv    | Identified the amulet of the Evening {Spirit rF+ Stlth+}
 20776 | IceCv    | Noticed a quicksilver ooze
 20782 | IceCv    | Killed a quicksilver ooze
 20906 | IceCv    | Reached skill level 15 in Fighting
 20915 | IceCv    | Found a viscous altar of Jiyva.
 20915 | IceCv    | Noticed an azure jelly
 20924 | IceCv    | Killed an azure jelly
 21442 | Orc:2    | Entered Level 2 of the Orcish Mines
 21469 | Orc:2    | Found Xeoqy's Distillery.
 21469 | Orc:2    | Found Yroohiem's Distillery.
 21469 | Orc:2    | Found Kitholui's Assorted Antiques.
 21469 | Orc:2    | Found Haic Nar's Distillery.
 21473 | Orc:2    | HP: 1/202 [orc high priest/+2 heavy halberd (23)]
 21474 | Orc:2    | Demolished by an orc knight

Illustrated notes

Levels and vault maps discovered:
D:1:      evilmike_arrival_fibonacci_small, layout_basic, serial_bayou_pond_c
D:2:      layout_basic, minmay_nonomino_d4, uniq_jessica
D:3:      layout_rooms, minmay_misc_feat_doors
D:4:      layout_basic, minmay_temple_entry_purple_smoke, serial_forest,
          infiniplex_forest_end_1, infiniplex_forest_fountain,
          infiniplex_forest_straight_2, infiniplex_forest_lined_2,
          infiniplex_forest_clump_diagonal, infiniplex_forest_straight_3,
          uniq_duvessa, uniq_ijyb, uniq_sigmund
D:5:      layout_gridville, gup_sewer_entry_glass
D:6:      layout_rooms, mainiacjoe_overflow_surrounded_room
D:7:      gammafunk_wand_slinger, layout_cave_pools, corexii_corridor_pit,
          kennysheep_big_empty_room, nicolae_shop_overcharged_wands,
          uniq_joseph, uniq_menkaure, uniq_prince_ribbit1, uniq_pikel
D:8:      layout_loops_corners, serial_shops, nicolae_shop_drivethru,
          minmay_manual_maat
D:9:      layout_irregular_city, hellmonk_lair_entry_icy
D:10:     layout_basic
D:11:     layout_roguey, minmay_orc_entry_temple_small
D:12:     layout_loops_corners, serial_shops, shop, gammafunk_ghost_mausoleum,
          uniq_frances, uniq_lodul
D:13:     layout_layer_cave, david_vaults_2
Lair:1:   layout_chaotic_city, nicolae_lair_lindhole, lemuel_fruit_tree,
          uniq_grum
Lair:2:   layout_long_grid, skrybe_swamp_entry_bodies, st_stairs_6,
          serial_bayou_lagoon_b
Lair:3:   layout_cave_pods, guppyfry_snake_entry_island,
          chequers_serial_rivers_marsh
Lair:4:   layout_loops_ring, minivault_11, grunt_forest_small_clearings
Lair:5:   due_jungle_book, layout_loops_ring, minmay_slime_entry_pillars,
          ebering_ghost_reflecting_pool
Orc:1:    layout_diamond_mine, portal_ice_cave_rime, nicolae_shop_vocational
Orc:2:    grunt_orc_tribal_feast, layout_caves, serial_shops,
          nicolae_square_shop, nicolae_specific_store

Skill      XL: |  1  2  3  4  5  6  7  8  9 10 11 12 13 14 |
---------------+-------------------------------------------+-----
Axes           | 4 5 6 7 9 11 13 15 17 18 | 18.7
Fighting       | 4 5 6 7 9 10 11 12 14 15 | 15.1
Armour         | 3 4 5 6 7 8 10 11 12 13 14 | 14.8
Dodging        | 3 4 5 6 8 9 10 11 12 13 | 13.7
Shields        | 2 5 7 9 11 12 | 12.4

Action                     |  1- 3 |  4- 6 |  7- 9 | 10-12 | 13-15 || total
---------------------------+-------+-------+-------+-------+-------++-------
  Melee: Hand axe          |    44 |   109 |    15 |       |       ||   168
         Headbutt          |     8 |    18 |    42 |    87 |   128 ||   283
         Punch             |     2 |       |     4 |       |       ||     6
         War axe           |       |       |   230 |   348 |   396 ||   974
         Lance             |       |       |       |     5 |    30 ||    35
  Throw: Javelin           |       |       |       |       |     4 ||     4
 Invoke: Berserk           |     1 |     4 |     6 |     7 |    18 ||    36
         Trog's Hand       |       |       |     1 |     1 |     3 ||     5
         Brothers in Arms  |       |       |     1 |       |     3 ||     4
    Use: Scroll            |       |       |    10 |     7 |     4 ||    21
   Stab: Petrified         |       |       |       |       |     1 ||     1
         Distracted        |       |       |       |       |     1 ||     1
 Armour: Animal skin       |    11 |       |       |       |       ||    11
         Scale mail        |     4 |    39 |    88 |       |       ||   131
         Chain mail        |       |       |    41 |    24 |       ||    65
         Plate armour      |       |       |       |   180 |   201 ||   381
  Dodge: Dodged            |    39 |    54 |   163 |   249 |   286 ||   791
         Repelled          |       |       |       |       |     1 ||     1
  Block: Other             |       |       |    11 |       |       ||    11
         Orb               |       |       |     8 |    83 |    94 ||   185
         Reflection        |       |       |     2 |     8 |     4 ||    14
